 Dungeon Crawl Stone Soup version 0.27.0-66-gdc8fb28755 (webtiles) character file.

Game seed: 4543218832702333763

78 hawla the Grave Robber (level 4, -1/24 HPs)
             Began as a Deep Elf Necromancer on Aug 19, 2021.
             Slain by a kobold (3 damage)
             ... on level 4 of the Dungeon.
             The game lasted 00:02:47 (1328 turns).

hawla the Grave Robber (Deep Elf Necromancer)       Turns: 1328, Time: 00:02:48

Health: -1/24      AC:  4    Str:  5    XL:     4   Next: 15%
Magic:  3/11       EV: 13    Int: 21    God:
Gold:   10         SH:  0    Dex: 17    Spells: 9/10 levels left

rFire    . . .     SeeInvis .   a - +1 dagger (holy)
rCold    . . .     Faith    .   (no shield)
rNeg     . . .     Spirit   .   c - +2 robe {Will+}
rPois    .         Reflect  .   (no helmet)
rElec    .         Harm     .   (no cloak)
rCorr    .         Rampage  .   (no gloves)
Will     +....                  (no boots)
Stlth    +++.......             (no amulet)
HPRegen  0.08/turn              (no ring)
MPRegen  0.12/turn              (no ring)

@: no status effects
A: agile 1, deterioration 1
a: no special abilities


You were on level 4 of the Dungeon.
You visited 1 branch of the dungeon, and saw 3 of its levels.

You collected 10 gold pieces.

Inventory:

Hand Weapons
 a - a +1 dagger of holy wrath (weapon)
Armour
 c - a +2 robe of willpower (worn)
Jewellery
 h - an amulet of guardian spirit
Potions
 f - a potion of resistance


   Skills:
 + Level 0.9 Fighting
 + Level 3.4 Dodging
 + Level 3.5 Stealth
 + Level 3.5 Spellcasting
 + Level 5.3 Necromancy


You had 9 spell levels left.
You knew the following spells:

 Your Spells              Type           Power      Damage    Failure   Level
a - Pain                  Necr           100%       1d9       1%          1

Your spell library contained the following spells:

 Spells                   Type           Power      Damage    Failure   Level
 Animate Skeleton         Necr           52%        N/A       1%          1
 Vampiric Draining        Necr           13%        2d7       4%          3
 Animate Dead             Necr           13%        N/A       14%         4
 Agony                    Necr           26%        N/A       36%         5


Dungeon Overview and Level Annotations

Branches:
Dungeon (2/15)             Temple (0/1) D:4

Altars:
Uskayaw
Zin


Innate Abilities, Weirdness & Mutations

You are agile. (Dex +2)
Your body sometimes deteriorates upon taking damage.


Message History

Aiming: Pain (safe; 1% risk of failure)
Press: ? - help, Shift-Dir - straight line, f - orc
Aim: an orc, wielding a +0 whip (chance to affect: 93%)
The orc writhes in agony!
You kill the orc!
The orc misses you.
Casting: Pain (safe; 1% risk of failure)
Confirm with . or Enter, or press ? or * to list all spells.
Aiming: Pain (safe; 1% risk of failure)
Press: ? - help, Shift-Dir - straight line, f - orc
Aim: an orc, wielding a +0 trident (chance to affect: 93%)
The orc writhes in agony!
You kill the orc!
You start resting.
An orc comes into view. It is wielding a +0 hand axe.
Found a pair of gloves.
Found a staircase to the Ecumenical Temple.
Found a quarterstaff.
A ball python comes into view.
The ball python hisses angrily.
A kobold comes into view. It is wielding a +0 short sword.
Found a glowing ring mail.
Casting: Pain (safe; 1% risk of failure)
Confirm with . or Enter, or press ? or * to list all spells.
Aiming: Pain (safe; 1% risk of failure)
Press: ? - help, Shift-Dir - straight line, f - ball python
Aim: a ball python (chance to affect: 93%)
The ball python writhes in agony.
The kobold shouts!
You hear the slow hiss of an avalanche of sand nearby.
Casting: Pain (safe; 1% risk of failure)
Confirm with . or Enter, or press ? or * to list all spells.
Aiming: Pain (safe; 1% risk of failure)
Press: ? - help, Shift-Dir - straight line, f/p - ball python
Aim: a ball python (moderately wounded, chance to affect: 93%)
The ball python writhes in agony!
You kill the ball python!
You aren't carrying any scrolls.
The kobold hits you with a +0 short sword.
You die...

#....... #...... #....
.[.... .....#
.......)... . .....##
#......... .# ......#
#..##...# .##
...)).######.#..#.# ...#
.........##..#....#..#
..............#...^##..#
...............o@>.....#
.............[##K...#..#
.............#..#....#
................#.#..#
...............#...##..
#................... ##
##............###.##
##.#........... .#
#..#........##


You could see an orc and a kobold.

Vanquished Creatures
  A scorpion (D:4)
  2 orcs (D:4)
  3 endoplasms (D:1)
  A goblin (D:1)
  A hobgoblin (D:1)
  2 jackals (D:1)
  4 ball pythons
  A bat (D:1)
  3 kobolds (D:1)
  A rat (D:2)
19 creatures vanquished.

Notes
Turn   | Place    | Note
-------+----------+-------------------------------------------
     0 | D:1      | hawla the Deep Elf Necromancer began the quest for the Orb.
     0 | D:1      | Reached XP level 1. HP: 10/10 MP: 6/6
   424 | D:1      | Reached skill level 5 in Necromancy
   626 | D:1      | Reached XP level 2. HP: 15/15 MP: 8/8
  1241 | D:2      | Found a hide-covered altar of Uskayaw.
  1275 | D:2      | You fall into a shaft and drop 2 floors!
  1279 | D:4      | Noticed a scorpion
  1284 | D:4      | Found a glowing silver altar of Zin.
  1297 | D:4      | Killed a scorpion
  1298 | D:4      | Reached XP level 3. HP: 3/20 MP: 3/10
  1298 | D:4      | Reached XP level 4. HP: 4/24 MP: 3/11
  1299 | D:4      | Gained mutation: You are agile. (Dex +2) [potion of
                  | mutation]
  1299 | D:4      | Gained mutation: Your body sometimes deteriorates upon
                  | taking damage. [potion of mutation]
  1320 | D:4      | Found a staircase to the Ecumenical Temple.
  1328 | D:4      | Slain by a kobold

Illustrated notes

Levels and vault maps discovered:
D:1:      amcnicky_arrival_double_pillar, layout_loops_ring
D:2:      layout_basic, shapermc_ecumenical_altar_mp_ritualfount, basic_altar
D:4:      cheibrodos_barr_body, layout_cave_pods,
          grunt_temple_overflow_order_and_chaos_1, grunt_temple_overflow_open,
          minmay_temple_entry_mini_moons, enter_ossuary_4, minmay_misc_feat_iff

Skill      XL: |  1  2 |
---------------+-------+-----
Necromancy     | 5 |  5.3
Stealth        | 3 |  3.5
Dodging        | 3 |  3.4
Fighting       | |  0.9
Spellcasting   | |  3.5

Action                   |  1- 3 |  4- 6 || total
-------------------------+-------+-------++-------
Melee: Dagger            |    27 |       ||    27
 Cast: Pain              |    19 |     4 ||    23
  Use: Scroll            |     4 |       ||     4
       Potion            |       |     2 ||     2
 Stab: Sleeping          |     1 |       ||     1
Armor: Robe              |    13 |       ||    13
Dodge: Dodged            |    18 |     3 ||    21
